 Dungeon Crawl Stone Soup version 0.30-a0-632-g346586fe48 (webtiles) character file.

Game seed: 12203419522368608227

287 NinjaNoafa the Grave Robber (level 6, -3/66 HPs)
             Began as a Gnoll Necromancer on Jan 13, 2023.
             Slain by a phantom (4 damage)
             ... on level 4 of the Dungeon.
             The game lasted 00:05:33 (2888 turns).

NinjaNoafa the Grave Robber (Gnoll Necromancer)     Turns: 2888, Time: 00:05:33

Health: -3/66      AC:  2    Str:  7    XL:     6   Next: 30%
Magic:  4/14       EV: 13    Int: 17    God:
Gold:   255        SH:  0    Dex: 12    Spells: 6/15 levels left

rFire   . . .      SeeInvis .    b - +2 mace (drain)
rCold   . . .      Faith    .    (no shield)
rNeg    . . .      Spirit   .    f - +0 robe
rPois   .          Reflect  .    (helmet currently unavailable)
rElec   .          Harm     .    (no cloak)
rCorr   .          Rampage  .    (no gloves)
Will    .....                    (boots currently unavailable) Stlth
                                 (no amulet)
HPRegen 0.31/turn                (no ring)
MPRegen 0.14/turn                (no ring)

@: berserking, lethally poisoned (-3 -> -5), appendages (expiring), flying, very
quick
A: horns 2, talons 2, fangs 1, strong nose, distributed training
a: End Transformation


You were on level 4 of the Dungeon.
You had temporarily grown beastly horns and talons.
You visited 1 branch of the dungeon, and saw 4 of its levels.

You collected 255 gold pieces.

Inventory:

Hand Weapons
 b - a +2 mace of draining (weapon)
Missiles
 k - 13 poisoned darts
 r - 4 boomerangs
Armour
 e - a +0 kite shield
 f - a +0 robe (worn)
 i - a +2 hat (melded)
 v - a +0 pair of boots (melded)
Magical Staves
 a - a staff of fire
Scrolls
 c - a scroll of teleportation {unknown}
 d - a scroll of butterflies {unknown}
 g - a scroll of fear {unknown}
 j - a scroll of enchant weapon {unknown}
 n - a scroll of blinking {unknown}
 o - 2 scrolls of identify {unknown}
 p - a scroll of magic mapping {unknown}
 u - a scroll of vulnerability {unknown}
Potions
 h - a potion of flight
 m - 2 potions of magic
 q - a potion of heal wounds {unknown}
 s - a potion of brilliance {unknown}
 t - a potion of ambrosia {unknown}


   Skills:
 + Level 2.0 Fighting
 + Level 2.0 Short Blades
 + Level 2.0 Long Blades
 + Level 2.0 Axes
 + Level 2.0 Maces & Flails
 + Level 2.0 Polearms
 + Level 2.0 Staves
 + Level 2.0 Ranged Weapons
 + Level 2.0 Throwing
 + Level 2.0 Armour
 + Level 5.0 Dodging
 + Level 4.6 Stealth
 + Level 2.0 Shields
 + Level 2.0 Unarmed Combat
 + Level 5.4 Spellcasting
 + Level 1.5 Conjurations
 + Level 1.5 Hexes
 + Level 1.5 Summonings
 + Level 7.3 Necromancy
 + Level 1.5 Translocations
 + Level 1.5 Transmutations
 + Level 1.5 Fire Magic
 + Level 1.5 Ice Magic
 + Level 1.5 Air Magic
 + Level 1.5 Earth Magic
 + Level 1.5 Poison Magic
 + Level 2.2 Invocations
 + Level 2.0 Evocations


You had 6 spell levels left.
You knew the following spells:

 Your Spells              Type           Power      Damage    Failure   Level
a - Necrotise             Necr           100%       1d9       1%          1
b - Vampiric Draining     Necr           29%        2d8       1%          3
c - Animate Dead          Necr           29%        N/A       7%          4
d - Beastly Appendage     Tmut           18%        N/A       7%          1

Your spell library contained the following spells:

 Spells                   Type           Power      Damage    Failure   Level
 Wereblood                Tmut           9%         N/A       11%         2
 Agony                    Necr           29%        N/A       19%         5
 Gell's Gravitas          Tloc           9%         N/A       22%         3
 Lesser Beckoning         Tloc           18%        N/A       22%         3
 Spider Form              Tmut/Pois      9%         N/A       22%         3
 Teleport Other           Tloc           9%         N/A       22%         3
 Vhi's Electric Charge    Tloc/Air       18%        N/A       22%         3
 Manifold Assault         Tloc           9%         N/A       56%         4
 Arcjolt                  Conj/Air       4%         1d14      89%         5
 Fireball                 Conj/Fire      4%         3d4       89%         5
 Iskenderun's Battlesphe  Conj           9%         2d6       89%         5
 Yara's Violent Unravell  Hex/Tmut       4%         3d4       89%         5
 Conjure Ball Lightning   Conj/Air       4%         3x3d6     100%        6
 Dispersal                Tloc           4%         N/A       100%        6
 Enfeeble                 Hex            4%         N/A       100%        7
 Orb of Destruction       Conj           4%         9d5       100%        7
 Disjunction              Tloc           4%         N/A       100%        8
 Maxwell's Capacitive Co  Air            4%         ∞         100%        8


Dungeon Overview and Level Annotations

Branches:
Dungeon (4/15)
 Temple: D:4-7

Altars:

Shops:
D:2 =


Innate Abilities, Weirdness & Mutations

You have temporarily grown beastly horns and talons.
You have very sharp teeth.
Your uncanny sense of smell can sniff out nearby items.
Your experience applies equally to all skills.


Message History

The adder misses you. The phantom completely misses you.
You thump the phantom! Your kick misses the phantom.
The phantom is moderately damaged.
The adder bites you. The phantom closely misses you.
The white imp hits you but does no damage.
You hit the white imp but do no damage. The adder bites you. x2
Your adder zombie closely misses the phantom.
The phantom barely misses you. The white imp gestures at you.
The puff of frost hits you.
* * * LOW HITPOINT WARNING * * *
You hit the phantom but do no damage. You claw the phantom.
Your headbutt misses the phantom. Your bite misses the phantom.
The phantom is heavily damaged.
The adder bites you.
* * * LOW HITPOINT WARNING * * *
You are poisoned.
The adder poisons you!
Your adder zombie bites the phantom.
The white imp closely misses you. The phantom hits your adder zombie!
Your adder zombie is destroyed!
The adder bites you but does no damage.
It was a potion of flight.
You feel very buoyant.
You fly up into the air.
You feel sick.
The howler monkey hoots and howls with incredible vigour!
The phantom misses you. The white imp hits you.
* * * LOW HITPOINT WARNING * * *
The white imp freezes you.
* * * LOW HITPOINT WARNING * * *
Your quokka zombie bites the phantom.
The adder barely misses you.
It was a potion of berserk rage.
A red film seems to cover your vision as you go berserk!
You feel yourself moving faster!
You feel mighty!
Your transformation is almost over.
You feel sick. The white imp gestures at you. The puff of frost hits you!
* * * LOW HITPOINT WARNING * * *
The phantom hits you.
You die...

#.##.##.. #.##.##.#
### #.##.##.# #...
##.##.##.# #..#
#.###......#.# #..#
#............###..#
#####....###.##..#
######.#.# #.)ZS## ∆
.........###§##W@##
######.#....Z###.5##
.#####.##.#####.#..#
#......##.######.#..#
##............#K#
#...#
#.############## ####
.## ##


You could see a phantom (ally target), an adder, a white imp and a friendly
quokka zombie.

Vanquished Creatures
  A phantom (D:4)
  A necrophage (D:4)
  Terence (D:3)
  5 adders
  2 worms (D:2)
  2 orcs (D:3)
  8 endoplasms
  A giant cockroach (D:4)
  9 hobgoblins
  2 jackals (D:2)
  6 kobolds
  2 quokkas
  7 ball pythons
  3 bats
  3 frilled lizards
  5 goblins
  4 rats
62 creatures vanquished.

Vanquished Creatures (collateral kills)
  A goblin (D:1)
  3 hobgoblins
  A ball python (D:2)
5 creatures vanquished.

Vanquished Creatures (others)
  An adder zombie (D:4)
  A hobgoblin zombie (D:4)
  A kobold zombie (D:4)
  2 plants (D:1)
5 creatures vanquished.

Grand Total: 72 creatures vanquished

Notes
Turn   | Place    | Note
-------+----------+-------------------------------------------
     0 | D:1      | NinjaNoafa the Gnoll Necromancer began the quest for the
                  | Orb.
     0 | D:1      | Reached XP level 1. HP: 13/13 MP: 6/6
   147 | D:1      | Reached XP level 2. HP: 17/19 MP: 5/7
   710 | D:1      | Reached skill level 5 in Spellcasting
   710 | D:1      | Reached XP level 3. HP: 25/25 MP: 5/9
   714 | D:1      | Learned a level 3 spell: Vampiric Draining
  1007 | D:2      | Reached skill level 1 in Invocations
  1275 | D:2      | Reached skill level 1 in Fighting
  1275 | D:2      | Reached skill level 1 in Short Blades
  1275 | D:2      | Reached skill level 1 in Long Blades
  1275 | D:2      | Reached skill level 1 in Axes
  1275 | D:2      | Reached skill level 1 in Maces & Flails
  1275 | D:2      | Reached skill level 1 in Polearms
  1275 | D:2      | Reached skill level 1 in Staves
  1275 | D:2      | Reached skill level 1 in Ranged Weapons
  1275 | D:2      | Reached skill level 1 in Throwing
  1275 | D:2      | Reached skill level 1 in Armour
  1275 | D:2      | Reached skill level 1 in Shields
  1275 | D:2      | Reached skill level 1 in Unarmed Combat
  1275 | D:2      | Reached skill level 1 in Evocations
  1664 | D:2      | Found Beumm's Jewellery Shop.
  1670 | D:2      | Reached XP level 4. HP: 32/32 MP: 6/11
  1674 | D:2      | Found a faded altar of an unknown god.
  2014 | D:3      | Reached skill level 1 in Conjurations
  2014 | D:3      | Reached skill level 1 in Hexes
  2014 | D:3      | Reached skill level 1 in Summonings
  2014 | D:3      | Reached skill level 1 in Translocations
  2014 | D:3      | Reached skill level 1 in Transmutations
  2014 | D:3      | Reached skill level 1 in Fire Magic
  2014 | D:3      | Reached skill level 1 in Ice Magic
  2014 | D:3      | Reached skill level 1 in Air Magic
  2014 | D:3      | Reached skill level 1 in Earth Magic
  2014 | D:3      | Reached skill level 1 in Poison Magic
  2202 | D:3      | Noticed Terence
  2205 | D:3      | Killed Terence
  2209 | D:3      | Reached XP level 5. HP: 37/37 MP: 7/12
  2259 | D:3      | Learned a level 4 spell: Animate Dead
  2797 | D:4      | Noticed a phantom
  2818 | D:4      | Killed a phantom
  2850 | D:4      | Noticed a phantom
  2865 | D:4      | Reached XP level 6. HP: 42/44 MP: 2/13
  2867 | D:4      | Learned a level 1 spell: Beastly Appendage
  2879 | D:4      | Reached skill level 5 in Dodging
  2888 | D:4      | HP: 1/66 [white imp/puff of frost (7)]
  2888 | D:4      | Slain by a phantom

Illustrated notes

Levels and vault maps discovered:
D:1:      minmay_arrival_arboretum_small, layout_loops_ring, st_stairs_9,
          minmay_shallow_snake_nest
D:2:      layout_basic, serial_shops, shop, ebering_ecumenical_altar_box
D:3:      layout_basic, minmay_misc_feat_room, uniq_terence
D:4:      minmay_diamond_boxcup, layout_loops_ring, vehumet_crystals

Skill      XL: |  1  2  3  4  5  6 |
---------------+-------------------+-----
Spellcasting   | 5 |  5.4
Invocations    | 1 2 |  2.2
Fighting       | 1 2 |  2.0
Short Blades   | 1 2 |  2.0
Long Blades    | 1 2 |  2.0
Axes           | 1 2 |  2.0
Maces & Flails | 1 2 |  2.0
Polearms       | 1 2 |  2.0
Staves         | 1 2 |  2.0
Ranged Weapons | 1 2 |  2.0
Throwing       | 1 2 |  2.0
Armour         | 1 2 |  2.0
Shields        | 1 2 |  2.0
Unarmed Combat | 1 2 |  2.0
Evocations     | 1 2 |  2.0
Conjurations   | 1 |  1.5
Hexes          | 1 |  1.5
Summonings     | 1 |  1.5
Translocations | 1 |  1.5
Transmutations | 1 |  1.5
Fire Magic     | 1 |  1.5
Ice Magic      | 1 |  1.5
Air Magic      | 1 |  1.5
Earth Magic    | 1 |  1.5
Poison Magic   | 1 |  1.5
Dodging        | 5 |  5.0
Stealth        | |  4.6
Necromancy     | |  7.3

Action                   |  1- 3 |  4- 6 || total
-------------------------+-------+-------++-------
Melee: Dagger            |     5 |       ||     5
       Bite              |     2 |     3 ||     5
       Staff             |     7 |     2 ||     9
       Mace              |       |    27 ||    27
       Kick              |       |     4 ||     4
       Headbutt          |       |     3 ||     3
 Cast: Necrotise         |    61 |    43 ||   104
       Animate Dead      |       |     2 ||     2
       Vampiric Draining |       |     2 ||     2
       Beastly Appendage |       |     2 ||     2
  Use: Potion            |       |     2 ||     2
 Stab: Sleeping          |       |     1 ||     1
Armor: Robe              |     7 |    18 ||    25
Dodge: Dodged            |    26 |    53 ||    79

Table legend: (Time is in decaauts)
 A = Elapsed time spent in this place.
 B = Non-inter-level travel time spent in this place.
 C = Inter-level travel time spent in this place.
 D = Time resting spent in this place.
 E = Time spent auto-exploring this place.
 F = Levels seen in this place.
 G = Mean time per level.
                   A        B        C        D        E       F      G
               +--------+--------+--------+--------+--------+-----+--------+
         Total |   2914 |   2834 |     80 |      0 |   2355 |   4 |  728.5 |
       Dungeon |   2914 |   2834 |     80 |      0 |   2355 |   4 |  728.5 |
               +--------+--------+--------+--------+--------+-----+--------+

Top non-repeatable levels by time:
     D:2: 1012 daAuts
     D:1: 923 daAuts
     D:3: 837 daAuts
     D:4: 141 daAuts
